 Dungeon Crawl Stone Soup version 0.29-a0-791-ga0f254aafb (webtiles) character file.

Game seed: 12752468217142196419

55 Malachi the Trooper (level 3, 0/30 HPs)
             Began as a Demonspawn Brigand on July 3, 2022.
             Killed by nerve-wracking pain
             ... invoked by Grinder
              (4 damage)
             ... on level 5 of the Dungeon.
             The game lasted 00:03:30 (2730 turns).

Malachi the Trooper (Demonspawn Brigand)            Turns: 2730, Time: 00:03:31

Health: 0/30       AC:  4    Str: 11    XL:     3   Next: 67%
Magic:  3/3        EV: 11    Int: 14    God:
Gold:   29         SH:  0    Dex: 16    Spells: 2/2 levels left

rFire   . . .      SeeInvis .   a - +2 dagger
rCold   . . .      Faith    .   (no shield)
rNeg    . . .      Spirit   .   b - +0 robe
rPois   .          Reflect  .   (no helmet)
rElec   .          Harm     .   c - +1 cloak
rCorr   .          Rampage  .   (no gloves)
Will    .....                   (no boots)
Stlth   +++.......              n - amulet of magic regeneration
HPRegen 0.10/turn               (no ring)
MPRegen 0.48/turn               (no ring)

@: brilliant, studying Long Blades
A: big brain 1
a: no special abilities


You were on level 5 of the Dungeon.
You visited 1 branch of the dungeon, and saw 4 of its levels.

You collected 147 gold pieces.
You spent 118 gold pieces at shops.

Inventory:

Hand Weapons
 a - a +2 dagger (weapon)
Missiles
 d - 15 poisoned darts (quivered)
 e - 3 curare-tipped darts
Armour
 b - a +0 robe (worn)
 c - a +1 cloak (worn)
Jewellery
 n - an amulet of magic regeneration (around neck)
 p - the ring "Ugubuq" {rF- rC+ rN+++ Str+6 Stlth+}
   (You bought it in a shop on level 2 of the Dungeon)

   [ring of strength]

   Str:       It affects your strength (+6).
   rF:        It makes you vulnerable to fire.
   rC:        It protects you from cold.
   rN:        It renders you almost immune to negative energy.
   Stlth:     It makes you more stealthy.
Scrolls
 i - 2 scrolls of teleportation
Potions
 h - a potion of lignification
 j - a potion of flight
 l - 2 potions of brilliance


   Skills:
 * Level 4.1 Fighting
 - Level 1.7 Short Blades
 - Level 1.7 Throwing
 - Level 0.8 Dodging
 - Level 3.6 Stealth


You had 2 spell levels left.
You didn't know any spells.
Your spell library was empty.

Dungeon Overview and Level Annotations

Branches:
Dungeon (3/15)             Temple (0/1) D:5

Altars:

Shops:
D:1 ?   D:2 *

Annotations:
D:5 Grinder


Innate Abilities, Weirdness & Mutations

You have an unusually large brain. (Int +2)


Message History

Grinder hits you.
* * * LOW HITPOINT WARNING * * *
You closely miss Grinder.
Grinder is heavily wounded.
Grinder hits you but does no damage.
You hit Grinder but do no damage.
Grinder is heavily wounded.
Your transformation is almost over.
Grinder hits you but does no damage.
You hit Grinder.
Grinder is severely wounded.
Grinder hits you but does no damage.
You hit Grinder.
Grinder is severely wounded.
Grinder hits you but does no damage.
You hit Grinder.
Grinder is severely wounded.
Grinder hits you but does no damage.
You barely miss Grinder.
Grinder is severely wounded.
Grinder hits you.
* * * LOW HITPOINT WARNING * * *
You barely miss Grinder.
Grinder is severely wounded.
Grinder hits you but does no damage.
You hit Grinder.
Grinder is severely wounded.
Grinder gestures at you.
You suddenly lose the ability to move!
Grinder hits you but does no damage.
Grinder blinks!
You feel less wooden.
Your +1 cloak unmelds from your body.
Your +0 robe unmelds from your body.
You can move again.
Unknown command.
Unknown command.
Grinder grins, showing sharp teeth.
Grinder gestures at you. Pain shoots through your body!
You die...

#..##5?.##..#
#..#..∩5$#..#
#..## ##.#######
#...#####.........
#.#.......#...####
#.....#####...#
###########.....#
#...#
......5.........#
#...#
##...!#####@....#
#...# #....
#.....# #...# #..5
#.....# #...# ...
......# #...####
.. .......#
#....... .
.......# #...####
.#.....# #...#
#.#.....# ###..
#..


You could see Grinder.

Vanquished Creatures
  An adder (D:2)
  A worm (D:2)
  A dart slug (D:1)
  5 ball pythons
  3 endoplasms
  3 giant cockroaches
  5 goblins
  4 hobgoblins (D:2)
  3 jackals (D:2)
  3 kobolds
  A quokka (D:2)
  2 bats
  A rat (D:2)
33 creatures vanquished.

Vanquished Creatures (others)
  26 plants (D:2)
26 creatures vanquished.

Grand Total: 59 creatures vanquished

Notes
Turn   | Place    | Note
-------+----------+-------------------------------------------
     0 | D:1      | Malachi the Demonspawn Brigand began the quest for the Orb.
     0 | D:1      | Reached XP level 1. HP: 16/16 MP: 1/1
   295 | D:1      | Gained mutation: You have an unusually large brain. (Int
                  | +2) [demonic ancestry]
   295 | D:1      | Reached XP level 2. HP: 23/23 MP: 2/2
   502 | D:1      | Found Pojograv's Magic Scroll Boutique.
   507 | D:1      | Reached skill level 3 in Fighting
   550 | D:1      | Bought a scroll of teleportation for 33 gold pieces
  1291 | D:2      | Reached XP level 3. HP: 24/29 MP: 3/3
  1898 | D:2      | Found a faded altar of an unknown god.
  1953 | D:2      | Reached skill level 4 in Fighting
  2141 | D:2      | Found Qacerol's Assorted Antiques.
  2501 | D:2      | Bought a scintillating iron ring for 85 gold pieces
  2501 | D:2      | Identified the ring "Ugubuq" {rF- rC+ rN+++ Str+6 Stlth+}
                  | (You bought it in a shop on level 2 of the Dungeon)
  2538 | D:3      | You fall into a shaft and drop 2 floors!
  2538 | D:5      | Entered Level 5 of the Dungeon
  2561 | D:5      | Found a staircase to the Ecumenical Temple.
  2663 | D:5      | Noticed a scorpion
  2680 | D:5      | Noticed Grinder
  2706 | D:5      | Paralysed by Grinder for 5 turns
  2722 | D:5      | Paralysed by Grinder for 5 turns
  2730 | D:5      | Killed from afar by Grinder

Illustrated notes

Levels and vault maps discovered:
D:1:      giann_bridges, layout_basic, serial_shops, shop
D:2:      layout_basic, serial_shops, shop,
          hellmonk_ecumenical_altar_heavens_door, kennysheep_boxes
D:3:      layout_rooms, minmay_overflow_temple_hex, elyvilon_altar_3
D:5:      cheibrodos_quashed, layout_basic, minmay_temple_entry_large_hall,
          gup_sewer_entry_glass, serial_glass, glass_columns_a, glass_columns_a,
          uniq_sigmund, uniq_grinder

Skill      XL: |  1  2  3 |
---------------+----------+-----
Fighting       | 3 4 |  4.1
Short Blades   | |  1.7
Throwing       | |  1.7
Dodging        | |  0.8
Stealth        | |  3.6

Action                   || total
-------------------------++-------
Melee: Dagger            ||   150
       Punch             ||     1
  Use: Scroll            ||     4
       Potion            ||     4
 Stab: Sleeping          ||     5
Armor: Robe              ||    29
       Skin              ||    18
Dodge: Dodged            ||    67

Table legend: (Time is in decaauts)
 A = Elapsed time spent in this place.
 B = Non-inter-level travel time spent in this place.
 C = Inter-level travel time spent in this place.
 D = Time resting spent in this place.
 E = Time spent auto-exploring this place.
 F = Levels seen in this place.
 G = Mean time per level.
                   A        B        C        D        E       F      G
               +--------+--------+--------+--------+--------+-----+--------+
         Total |   2718 |   2527 |    191 |    219 |   1846 |   4 |  679.5 |
       Dungeon |   2718 |   2527 |    191 |    219 |   1846 |   4 |  679.5 |
               +--------+--------+--------+--------+--------+-----+--------+

Top non-repeatable levels by time:
     D:2: 1530 daAuts
     D:1: 921 daAuts
     D:5: 189 daAuts
     D:3: 76 daAuts
